 Dungeon Crawl Stone Soup version 0.31-a0-435-g2c6fae2916 (webtiles) character file.

Game seed: 111330978823657046

666 floatRand the Cleaver (level 7, -4/52 HPs)
             Began as a Formicid Fighter on Aug 1, 2023.
             Slain by a scorpion (6 damage)
             ... on level 4 of the Dungeon.
             The game lasted 00:03:21 (3044 turns).

floatRand the Cleaver (Formicid Fighter)            Turns: 3044, Time: 00:03:21

Health: -4/52      AC: 10    Str: 23    XL:     7   Next: 88%
Magic:  7/7        EV: 13    Int:  7    God:
Gold:   162        SH:  5    Dex: 13    Spells: 6/6 levels left

rFire   . . .        a - +0 war axe
rCold   . . .        c - +0 buckler
rNeg    . . .        s - +0 chain mail
rPois   .            (helmet unavailable)
rElec   .            r - +0 cloak
rCorr   .            (no gloves)
SInv    +            (no boots)
Will    .....        (no amulet) Stlth
                     k - +5 ring of evasion
HPRegen 0.28/turn    (no ring)
MPRegen 0.10/turn

%: no passive effects
@: lethally poisoned (-4 -> -15)
A: permanent stasis, dig shafts and tunnels, antennae 3, four strong arms
a: Dig, Shaft Self


You were on level 4 of the Dungeon.
You visited 1 branch of the dungeon, and saw 4 of its levels.

You collected 162 gold pieces.

Inventory:

Hand Weapons
 a - a +0 war axe (weapon)
Missiles
 f - 4 boomerangs
Armour
 c - a +0 buckler (worn)
 r - a +0 cloak (worn)
 s - a +0 chain mail (worn)
Jewellery
 k - a +5 ring of evasion (left hand)
Wands
 g - a wand of polymorph (4)
Scrolls
 b - a scroll of fog {unknown}
 e - 3 scrolls of identify {unknown}
 h - 3 scrolls of brand weapon {unknown}
 i - a scroll of amnesia {unknown}
 l - a scroll of immolation {unknown}
 m - a scroll of poison {unknown}
 p - 2 scrolls of fear {unknown}
 q - a scroll of noise {unknown}
Potions
 d - a potion of might
 n - 3 potions of brilliance
 o - a potion of curing {unknown}


   Skills:
 - Level 3.2 Fighting
 + Level 8.3 Axes
 - Level 3.2 Armour
 - Level 4.0 Shields


You had 6 spell levels left.
You didn't know any spells.
Your spell library contained the following spells:

 Spells                   Type           Power      Damage    Failure   Level
 Magic Dart               Conj           0%         1d3       98%         1
 Call Imp                 Summ           0%         N/A       99%         2
 Ensorcelled Hibernation  Hex/Ice        0%         N/A       99%         2
 Passwall                 Tmut/Erth      0%         N/A       99%         2
 Mephitic Cloud           Conj/Pois/Air  0%         N/A       100%        3
 Anguish                  Hex/Necr       0%         N/A       100%        4
 Swiftness                Air            Unusable   N/A       N/A         3

Dungeon Overview and Level Annotations

Branches:
Dungeon (4/15)
 Temple: D:4-7

Altars:
Hepliaklqana
Nemelex Xobeh
Ru
The Shining One

Annotations:
D:4 1 transporter


Innate Abilities, Weirdness & Mutations

You cannot be hasted, slowed, berserked, paralysed or teleported.
You can dig through walls and to a lower floor.
You have a pair of large antennae on your head. (SInv)
Your four strong arms can wield two-handed weapons with a shield.


Message History

The scorpion barely misses you.
Unknown command.
You are too injured to fight recklessly!
You closely miss the scorpion.
The scorpion is severely wounded.
You feel very sick. The scorpion closely misses you.
You are too injured to fight recklessly!
You are too injured to fight recklessly!
Unknown command.
You completely miss the scorpion.
The scorpion is severely wounded.
You feel very sick. The scorpion misses you. The scorpion barely misses you.
You barely miss the scorpion.
The scorpion is severely wounded.
You feel sick. The scorpion barely misses you.
You hit the scorpion.
The scorpion is almost dead.
You feel sick. The scorpion stings you.
* * * LOW HITPOINT WARNING * * *
Unknown command.
You completely miss the scorpion.
The scorpion is almost dead.
You feel sick. The scorpion stings you.
* * * LOW HITPOINT WARNING * * *
You are lethally poisoned!
The scorpion poisons you! The scorpion stings you.
* * * LOW HITPOINT WARNING * * *
You hit the scorpion but do no damage.
The scorpion is almost dead.
* * * LOW HITPOINT WARNING * * *
You feel very sick.
The scorpion stings you but does no damage.
It was a potion of haste.
Your stasis prevents you from being hasted.
* * * LOW HITPOINT WARNING * * *
You feel very sick. The scorpion stings you.
You die...

.#.#..#########..#
.#.#.##8.....8##.#
##.#.#.........#.#
.#.#.#.##.©.##.#.#
.#...#. #...##5#.#
.###.# ......)K#.#
. ##...##o#.# ##
...##z#.#
!..)fS#@#
___.8##s#
######..#
.©.....## ....###
#... ###


You could see a water moccasin, a sleepcap, a scorpion, a wight, an orc wizard,
a white imp and a kobold.

Vanquished Creatures
  Grinder (D:3)
  A phantom (D:4)
  A crimson imp (D:3)
  A jelly (D:4)
  2 orc priests
  A sleepcap (D:4)
  3 orc wizards
  Terence (D:2)
  7 adders
  A river rat (D:3)
  A worm (D:4)
  7 orcs
  4 ball pythons
  5 endoplasms
  10 goblins
  5 hobgoblins
  3 jackals
  5 quokkas
  6 bats
  5 frilled lizards
  A goblin skeleton (D:3)
  3 hobgoblin zombies (D:3)
  6 kobolds
  2 kobold skeletons (D:3)
  2 kobold zombies (D:3)
  An orc skeleton (D:3)
  2 orc zombies (D:3)
  6 rats
93 creatures vanquished.

Notes
Turn   | Place    | Note
-------+----------+-------------------------------------------
     0 | D:1      | floatRand the Formicid Fighter began the quest for the Orb.
     0 | D:1      | Reached XP level 1. HP: 18/18 MP: 1/1
   172 | D:1      | Reached XP level 2. HP: 24/24 MP: 2/2
   414 | D:1      | Found a faded altar of an unknown god.
   427 | D:1      | Reached skill level 3 in Axes
   573 | D:1      | Reached XP level 3. HP: 28/29 MP: 3/3
   800 | D:2      | Noticed Terence
   808 | D:2      | Killed Terence
   849 | D:2      | Reached skill level 4 in Axes
   849 | D:2      | Reached XP level 4. HP: 35/35 MP: 4/4
  1446 | D:3      | Noticed Grinder
  1468 | D:3      | Killed Grinder
  1469 | D:3      | Reached skill level 6 in Axes
  1469 | D:3      | Reached XP level 5. HP: 3/41 MP: 5/5
  1469 | D:3      | Reached XP level 6. HP: 4/47 MP: 6/6
  1908 | D:3      | Reached XP level 7. HP: 43/52 MP: 7/7
  2125 | D:3      | Found a glowing golden altar of the Shining One.
  2142 | D:3      | Reached skill level 7 in Axes
  2271 | D:3      | Found a runed translucent door.
  2272 | D:3      | Noticed Crazy Yiuf
  2464 | D:3      | Crazy Yiuf changed into Crazy Yiuf the river rat
  2464 | D:3      | Noticed Crazy Yiuf
  2466 | D:3      | Killed Crazy Yiuf the river rat
  2532 | D:4      | Noticed a water moccasin
  2532 | D:4      | Found a transporter.
  2850 | D:4      | Reached skill level 8 in Axes
  3010 | D:4      | Found a hazy altar of Hepliaklqana.
  3011 | D:4      | Found a sacrificial altar of Ru.
  3011 | D:4      | Found a sparkling altar of Nemelex Xobeh.
  3044 | D:4      | HP: 2/52 [poisoned by a scorpion]
  3044 | D:4      | Slain by a scorpion

Illustrated notes

Levels and vault maps discovered:
D:1:      amcnicky_arrival_feature_with_door, layout_loops_ring,
          shapermc_ecumenical_altar_mp_vishouse, chequers_jeans
D:2:      layout_loops_ring, minmay_tromino_v7, uniq_terence
D:3:      layout_rooms, nicolae_tso_besieged_by_evil, uniq_crazy_yiuf_cottage,
          uniq_grinder
D:4:      layout_basic, gammafunk_temple_overflow_arena,
          ebering_ghost_reflecting_pool

Skill      XL: |  1  2  3  4  5  6  7 |
---------------+----------------------+-----
Axes           | 3 4 6 8 |  8.3
Fighting       | |  3.2
Armour         | |  3.2
Shields        | |  4.0

Action                     |  1- 3 |  4- 6 |  7- 9 || total
---------------------------+-------+-------+-------++-------
  Melee: War axe           |    65 |   107 |   123 ||   295
  Evoke: Wand              |       |       |     1 ||     1
    Use: Potion            |       |     3 |     1 ||     4
 Armour: Scale mail        |    41 |    19 |     8 ||    68
         Chain mail        |       |       |    30 ||    30
  Dodge: Dodged            |    33 |    60 |    63 ||   156
  Block: Buckler           |     7 |    18 |    28 ||    53

Table legend: (Time is in decaauts)
 A = Elapsed time spent in this place.
 B = Non-inter-level travel time spent in this place.
 C = Inter-level travel time spent in this place.
 D = Time resting spent in this place.
 E = Time spent auto-exploring this place.
 F = Levels seen in this place.
 G = Mean time per level.
                   A        B        C        D        E       F      G
               +--------+--------+--------+--------+--------+-----+--------+
         Total |   3114 |   3001 |    113 |    402 |   1747 |   4 |  778.5 |
       Dungeon |   3114 |   3001 |    113 |    402 |   1747 |   4 |  778.5 |
               +--------+--------+--------+--------+--------+-----+--------+

Top non-repeatable levels by time:
     D:3: 1141 daAuts
     D:1: 795 daAuts
     D:2: 655 daAuts
     D:4: 523 daAuts
